 Dungeon Crawl Stone Soup version 0.31-a0-455-g1a7b003ef0 (webtiles) character file.

Game seed: 7498347737245048346

14830 Dittersdorf the Protected (level 12, 0/80 HPs)
             Began as a Gargoyle Fighter on Aug 3, 2023.
             Was a Priest of Okawaru.
             Slain by a blink frog (10 damage)
             ... on level 1 of the Lair of Beasts.
             The game lasted 00:20:56 (13145 turns).

Dittersdorf the Protected (Gargoyle Fighter)       Turns: 13145, Time: 00:20:57

Health: 0/80       AC: 34    Str: 31    XL:     12   Next: 20%
Magic:  11/12      EV:  6    Int:  9    God:    Okawaru [***...]
Gold:   506        SH:  7    Dex: 15    Spells: 11/11 levels left

rFire   + . .        l - +0 flail (protect)
rCold   + . .        c - +0 buckler
rNeg    + . .        o - +2 gold dragon scales
rPois   ∞            v - +0 helmet
rElec   +            B - +0 cloak {Stlth+}
rCorr   .            (no gloves)
SInv    .            z - +1 pair of boots
Will    .....        (no amulet) Stlth
                     q - +6 ring of dexterity
HPRegen 0.33/turn    n - +6 ring of strength
MPRegen 0.13/turn

%: no passive effects
@: studying Evocations
A: sickness immunity, AC +8, negative energy resistance 1, electricity
resistance, torment resistance 1, petrification resistance
a: Renounce Religion, Heroism


You were on level 1 of the Lair of Beasts.
You worshipped Okawaru.
Okawaru was most pleased with you.
You visited 2 branches of the dungeon, and saw 11 of its levels.
You also visited: Sewer.

You collected 670 gold pieces.
You spent 164 gold pieces at shops.

Inventory:

Hand Weapons
 l - a +0 flail of protection (weapon)
Missiles
 i - 19 poisoned darts (quivered)
 y - 3 throwing nets
Armour
 c - a +0 buckler (worn)
 o - +2 gold dragon scales (worn)
 v - a +0 helmet (worn)
 z - a +1 pair of boots (worn)
 B - a +0 cloak of stealth (worn)
Jewellery
 b - a ring of protection from fire
 n - a +6 ring of strength (right hand)
 q - a +6 ring of dexterity (left hand)
 r - a ring of flight
 u - a ring of willpower
 D - an amulet of the acrobat
Wands
 A - a wand of iceblast (3)
 C - a wand of quicksilver (21)
Scrolls
 e - 2 scrolls of blinking
 h - 3 scrolls of teleportation
 j - a scroll of silence
 m - 4 scrolls of fear
 t - 3 scrolls of enchant weapon
 x - 4 scrolls of revelation
Potions
 a - 2 potions of invisibility
 d - 2 potions of might
 f - 4 potions of curing {unknown}
 g - 4 potions of heal wounds {unknown}
 k - 2 potions of mutation
 p - a potion of resistance
 s - 2 potions of brilliance
 w - 2 potions of enlightenment


   Skills:
 + Level 11.2 Fighting
 + Level 10.1 Maces & Flails
 + Level 11.3 Armour
 + Level 11.2 Shields


You had 11 spell levels left.
You didn't know any spells.
Your spell library contained the following spells:

 Spells                   Type           Power      Damage    Failure   Level
 Slow                     Hex            0%         N/A       100%        1
 Sting                    Tmut/Pois      0%         1d3       100%        1
 Blink                    Tloc           0%         N/A       100%        2
 Poisonous Vapours        Pois/Air       0%         N/A       100%        2
 Confusing Touch          Hex            0%         N/A       100%        3
 Vampiric Draining        Necr           0%         2d6       100%        3
 Manifold Assault         Tloc           0%         N/A       100%        4
 Olgreb's Toxic Radiance  Pois           0%         N/A       100%        4


Dungeon Overview and Level Annotations

Branches:
Dungeon (10/15)            Temple (0/1) D:4            Lair (1/5) D:8
  Sewer (visited)
    Orc: D:9-12

Altars:
Ashenzari
Dithmenos
Elyvilon
Fedhas
Gozag
Kikubaaqudgha
Makhleb
Nemelex Xobeh
Okawaru
Qazlal
Ru
Vehumet
Wu Jian
Xom
Yredelemnul
The Shining One

Shops:
D:2 ?   D:3 *   D:5 :   D:9 *


Innate Abilities, Weirdness & Mutations

You are immune to sickness and miasma.
Your stone body is resilient. (AC +8)
You are immune to poison.
You resist negative energy. (rN+)
You are resistant to electric shocks. (rElec)
You are resistant to unholy torment.
You are immune to petrification.


Message History

You completely miss the black mamba.
The black mamba is almost dead.
The black mamba barely misses you.
The blink frog blinks! x2
You sock the black mamba!
Your weapon exudes an aura of protection.
You kill the black mamba!
Okawaru accepts your kill.
You thump the blink frog!
The blink frog is moderately wounded.
The blink frog completely misses you.
You sock the blink frog!
The blink frog is severely wounded.
The blink frog hits you!
* * * LOW HITPOINT WARNING * * *
The blink frog blinks! x2
The blink frog blinks! x2
The basilisk bites you but does no damage.
The blink frog attacks as you move away!
The blink frog closely misses you. You block the blink frog's attack.
The blink frog hits you but does no damage.
The blink frog attacks as you move away!
The blink frog barely misses you.
The blink frog blinks!
The blink frog attacks as you move away!
You block the blink frog's attack. The blink frog hits you!
* * * LOW HITPOINT WARNING * * *
The blink frog blinks! x2
The blink frog attacks as you move away!
You block the blink frog's attack.
The blink frog blinks! x2
You feel like a meek peon again.
The blink frog blinks!
The blink frog blinks!
The blink frog blinks!
The blink frog blinks!
The basilisk gazes at you. You resist with some effort.
The blink frog hits you but does no damage.
The blink frog attacks as you move away!
The blink frog hits you!
You die...

### #########.######.####
.......... ......... .#....##.#
#P.....#####+## .#....#
#.............# .#.<..#.
#.....#......# .#.....#.
#..@..#......# .#....P....
#..F..#......# .#.........
#.....#......# ....
.#....##....##...F........#......
.#....##....÷..÷.....F....#......
......###.#..#......#l.##+#......
+.............÷.÷......F....F....
.................................
..........^......................


You could see a basilisk and 4 blink frogs.

Vanquished Creatures
  Harold (D:9)
  A catoblepas (Lair:1)
  5 skeletal warriors (D:10)
  The ghost of knightboat the Geomancer, a novice DrCj of Sif Muna (D:7)
  A black mamba (Lair:1)
  A cane toad (Lair:1)
  Psyche (D:9)
  3 komodo dragons (Lair:1)
  2 trolls (D:10)
  5 blink frogs (Lair:1)
  2 shadows
  The ghost of arthad the Firebug, an amateur GrFE (D:6)
  12 yaks
  A steam dragon (D:6)
  An acid dragon (D:10)
  5 water moccasins
  7 black bears
  3 ice beasts (D:6)
  An orc warrior (D:9)
  2 sky beasts
  2 ogres (D:5)
  3 centaurs
  A phantom (D:4)
  13 bullfrogs
  A kobold brigand (D:5)
  4 gnoll sergeants
  A scorpion (D:6)
  5 wights
  4 killer bees
  7 howler monkeys
  2 hounds (D:5)
  A jelly (D:5)
  4 gnoll boudas
  3 orc priests
  3 iguanas
  5 orc wizards
  34 gnolls
  11 adders
  A shadow imp (D:7)
  A white imp (D:7)
  An ufetubus (D:5)
  4 worms
  A dart slug (D:5)
  19 orcs
  9 ball pythons
  10 endoplasms
  5 giant cockroaches
  9 hobgoblins
  9 jackals
  2 quokkas (Sewer)
  4 bats
  12 frilled lizards
  8 goblins
  10 kobolds
  7 rats
272 creatures vanquished.

Vanquished Creatures (others)
  2 gnolls (D:6)
2 creatures vanquished.

Grand Total: 274 creatures vanquished

Notes
Turn   | Place    | Note
-------+----------+-------------------------------------------
     0 | D:1      | Dittersdorf the Gargoyle Fighter began the quest for the
                  | Orb.
     0 | D:1      | Reached XP level 1. HP: 14/14 MP: 1/1
   128 | D:1      | Reached XP level 2. HP: 19/19 MP: 2/2
   799 | D:2      | Found a faded altar of an unknown god.
   811 | D:2      | Reached XP level 3. HP: 23/23 MP: 3/3
  1262 | D:2      | Found Ruczari's Magic Scroll Emporium.
  1270 | D:2      | Bought a scroll of enchant weapon for 82 gold pieces
  1340 | D:2      | Reached XP level 4. HP: 28/29 MP: 4/4
  1456 | D:3      | Found a basalt altar of Yredelemnul.
  1470 | D:3      | Found a white marble altar of Elyvilon.
  1597 | D:3      | Found a glowing drain.
  1601 | Sewer    | Entered a sewer
  1734 | Sewer    | Reached XP level 5. HP: 33/33 MP: 5/5
  1909 | Sewer    | Reached XP level 6. HP: 11/39 MP: 6/6
  2553 | D:3      | Found a blossoming altar of Fedhas.
  2941 | D:3      | Found Luecki Adir's General Store.
  3013 | D:3      | Found a blossoming altar of Fedhas.
  3013 | D:3      | Found a basalt altar of Yredelemnul.
  3133 | D:3      | Found a white marble altar of Elyvilon.
  3839 | D:3      | Found Luecki Adir's General Store.
  3909 | D:4      | Reached skill level 5 in Armour
  4172 | D:4      | Reached skill level 5 in Shields
  4172 | D:4      | Reached XP level 7. HP: 44/44 MP: 7/7
  4310 | D:4      | Found an iron altar of Okawaru.
  4319 | D:4      | Reached skill level 5 in Fighting
  4325 | D:4      | Became a worshipper of Warmaster Okawaru
  4576 | D:2      | Bought a scroll of enchant armour for 82 gold pieces
  4611 | D:5      | Entered Level 5 of the Dungeon
  4683 | D:4      | Reached * piety under Okawaru
  4729 | D:4      | Found a staircase to the Ecumenical Temple.
  4789 | D:4      | Found a stormy altar of Qazlal.
  4846 | D:5      | Found a glowing golden altar of the Shining One.
  5067 | D:5      | Reached XP level 8. HP: 51/51 MP: 8/8
  5201 | D:5      | Found Wucen's Book Shop.
  5479 | D:5      | Reached skill level 5 in Maces & Flails
  6202 | D:6      | Reached ** piety under Okawaru
  6287 | D:6      | Found a transporter.
  6320 | D:6      | Noticed arthad's ghost (amateur GrFE)
  6338 | D:6      | Found a transporter.
  6343 | D:6      | Identified the +3 kite shield of Grottiness {*Slow rPois
                  | Int+2}
  6485 | D:6      | Reached XP level 9. HP: 56/56 MP: 9/9
  6536 | D:6      | Found a broken altar of Ashenzari.
  6957 | D:7      | Found an ancient bone altar of Kikubaaqudgha.
  6958 | D:7      | Found a shimmering altar of Xom.
  6990 | D:7      | Found an opulent altar of Gozag.
  7172 | D:7      | Found a runed translucent door.
  7473 | D:7      | Reached *** piety under Okawaru
  7822 | D:7      | Noticed knightboat's ghost (novice DrCj)
  8402 | D:7      | Reached XP level 10. HP: 64/64 MP: 10/10
  8612 | D:8      | Found a staircase to the Lair.
  8740 | D:8      | Reached **** piety under Okawaru
  9021 | D:8      | Found a shadowy altar of Dithmenos.
  9222 | D:8      | Found an ornate altar of the Wu Jian Council.
  9350 | D:9      | Noticed Harold
  9364 | D:9      | Killed Harold
  9688 | D:9      | Reached ***** piety under Okawaru
  9927 | D:9      | Found a sacrificial altar of Ru.
 10095 | D:9      | Found a sparkling altar of Nemelex Xobeh.
 10111 | D:9      | Noticed Psyche
 10124 | D:9      | Killed Psyche
 10172 | D:9      | Found a burning altar of Makhleb.
 10172 | D:9      | Noticed a cacodemon
 10416 | D:9      | Found Cuynov's Assorted Antiques.
 10455 | D:10     | Entered Level 10 of the Dungeon
 10771 | D:10     | Reached XP level 11. HP: 64/72 MP: 11/11
 10992 | D:10     | Found a radiant altar of Vehumet.
 11119 | D:10     | Received a gift from Okawaru
 11146 | D:10     | Noticed a skeletal warrior
 11255 | D:10     | Killed a skeletal warrior
 11256 | D:10     | Reached skill level 10 in Fighting
 11256 | D:10     | Reached skill level 10 in Armour
 11304 | D:10     | Noticed a skeletal warrior
 11347 | D:10     | Killed a skeletal warrior
 11348 | D:10     | Reached skill level 10 in Shields
 11622 | D:10     | Noticed a skeletal warrior
 11682 | D:10     | Killed a skeletal warrior
 11786 | D:10     | Noticed a skeletal warrior
 11815 | D:10     | Killed a skeletal warrior
 11844 | D:10     | Noticed a skeletal warrior
 11884 | D:10     | Killed a skeletal warrior
 12378 | D:6      | Killed arthad's ghost
 12546 | D:7      | Killed knightboat's ghost
 12618 | Lair:1   | Entered Level 1 of the Lair of Beasts
 12931 | Lair:1   | Reached XP level 12. HP: 75/79 MP: 12/12
 12945 | Lair:1   | Noticed a catoblepas
 12968 | Lair:1   | Killed a catoblepas
 12969 | Lair:1   | Reached skill level 10 in Maces & Flails
 13145 | Lair:1   | Slain by a blink frog

Illustrated notes

Levels and vault maps discovered:
D:1:      dpeg_arrival_boxorama, layout_basic
D:2:      layout_rooms, shapermc_ecumenical_altar_ellora, serial_shops, shop,
          minmay_misc_feat_nine_boxes, chequers_jeans, reono_crystal_passage,
          minmay_quadrilaterals
D:3:      layout_loops_corners, mainiacjoe_overflow_paths, fedhas_altar_3,
          mainiacjoe_overflow_surrounded_room, gup_sewer_entry_spiral,
          serial_shops, shop
D:4:      layout_basic, lemuel_crystal_altar, kennysheep_little_box,
          minmay_temple_entry_grid
D:5:      layout_basic, mainiacjoe_overflow_boulevard, serial_shops,
          nicolae_book_shop_shelving, kennysheep_boxes
D:6:      layout_loops_ring, mainiacjoe_overflow_chevrons,
          gammafunk_ghost_gnarly_gnolls, kennysheep_flooded_box,
          grunt_ministairs_1, minmay_holes
D:7:      layout_basic, grunt_gozag_breadcrumbs,
          mainiacjoe_overflow_divided_tiny, ebering_ghost_reflecting_pool
D:8:      layout_loops_cross, nzn_wu_jian_council_hall,
          nicolae_dithmenos_shadow_blocks, due_lair_maze_entry_diamond
D:9:      layout_gridville, makhleb_altar_promises_db,
          mainiacjoe_overflow_alcove_2, mainiacjoe_overflow_24_doors,
          serial_shops, kennysheep_mini, uniq_harold, uniq_psyche
D:10:     layout_loops_cross, nicolae_vehumet_radiance
Lair:1:   layout_regular_city, minivault_25, grunt_megastairs_2

Skill      XL: |  1  2  3  4  5  6  7  8  9 10 11 12 |
---------------+-------------------------------------+-----
Armour         | 4 5 7 8 9 11 | 11.3
Shields        | 4 5 6 8 9 10 11 | 11.2
Fighting       | 4 5 6 8 9 10 11 | 11.2
Maces & Flails | 3 4 5 7 8 9 10 | 10.1

Action                     |  1- 3 |  4- 6 |  7- 9 | 10-12 || total
---------------------------+-------+-------+-------+-------++-------
  Melee: Flail             |   100 |   243 |   522 |   659 ||  1524
  Throw: Dart              |       |       |     1 |       ||     1
 Invoke: Heroism           |       |       |     1 |    17 ||    18
    Use: Scroll            |       |    10 |     5 |     4 ||    19
 Armour: Scale mail        |    42 |       |       |       ||    42
         Chain mail        |     3 |   203 |   230 |       ||   436
         Gold dragon scale |       |       |   289 |   543 ||   832
  Dodge: Dodged            |    47 |   128 |   201 |   209 ||   585
  Block: Buckler           |    25 |    57 |   163 |   203 ||   448

Table legend: (Time is in decaauts)
 A = Elapsed time spent in this place.
 B = Non-inter-level travel time spent in this place.
 C = Inter-level travel time spent in this place.
 D = Time resting spent in this place.
 E = Time spent auto-exploring this place.
 F = Levels seen in this place.
 G = Mean time per level.
                   A        B        C        D        E       F      G
               +--------+--------+--------+--------+--------+-----+--------+
         Total |  13417 |  12750 |    667 |   2119 |   7305 |  12 | 1118.1 |
       Dungeon |  12403 |  11737 |    666 |   2010 |   7033 |  10 | 1240.3 |
          Lair |    508 |    508 |      0 |      0 |    248 |   1 |  508.0 |
         Sewer |    505 |    505 |      0 |    109 |     23 |   1 |  505.0 |
               +--------+--------+--------+--------+--------+-----+--------+

Top non-repeatable levels by time:
     D:3: 2349 daAuts
    D:10: 1731 daAuts
     D:7: 1443 daAuts
     D:8: 1354 daAuts
     D:6: 1182 daAuts
     D:5: 1094 daAuts
     D:9: 987 daAuts
     D:2: 811 daAuts
     D:1: 749 daAuts
     D:4: 697 daAuts
  Lair:1: 508 daAuts
   Sewer: 505 daAuts
